[Event "ROC Nova College 2019"]
[Site "Haarlem"]
[Date "2019.06.29"]
[Round "2.3"]
[White "Schelvis, Richard"]
[Black "Admiraal, Miguoel"]
[Result "0-1"]
[ECO "A43"]
[WhiteElo "2113"]
[BlackElo "2507"]
[Annotator "RC"]
[PlyCount "82"]
[EventDate "2019.06.28"]
[EventType "swiss"]
[EventCountry "NED"]
[SourceTitle "playchess.com"]
[Source "ChessBase"]
[SourceQuality "1"]
[TimeControl "5400+15"]

1. d4 c5 2. Nf3 cxd4 3. Nxd4 b6 4. g3 Bb7 5. Nf3 g6 6. Bg2 Bg7 7. O-O Nf6 8. c3 O-O 9. a4 Nc6 10. Nd4 Qc8 11. Nxc6 Bxc6 12. Nd2 Bxg2 13. Kxg2 Qc6+ 14. Kg1 d5 15. Nf3 Ne4 16. Bf4 Rfe8 17. Ne5 Qb7 18. h4 Rad8 19. Qc1 Nc5 20. Qe3 f6 21. Nd3 e5 22. Nxc5 bxc5 23. Bh6 d4 24. Qc1 Qd5 25. Bxg7 Kxg7 26. Qd2 e4 27. cxd4 cxd4 28. Qf4 Rd7 29. Rac1 Re5 30. b4 Qe6 31. b5 g5 32. hxg5 fxg5 33. Qd2 e3 34. Qd3 Qh3 35. Qc4 exf2+ 36. Rxf2 Qxg3+ 37. Kf1 Qh3+ 38. Kg1 Re3 39. Qc6 Rg3+ 40. Rg2 Rxg2+ 41. Qxg2 Qe3+ 0-1

[Event "ROC Nova College 2019"]
[Site "Haarlem"]
[Date "2019.06.29"]
[Round "3.2"]
[White "Kevlishvili, Robby"]
[Black "Sumets, Andrey"]
[Result "1-0"]
[ECO "C10"]
[WhiteElo "2473"]
[BlackElo "2577"]
[Annotator "RC"]
[PlyCount "171"]
[EventDate "2019.06.28"]
[EventType "swiss"]
[EventCountry "NED"]
[SourceTitle "playchess.com"]
[Source "ChessBase"]
[SourceQuality "1"]
[TimeControl "5400+15"]

1. e4 e6 2. d4 d5 3. Nc3 dxe4 4. Nxe4 Nd7 5. Nf3 Ngf6 6. Nxf6+ Nxf6 7. Be3 Bd6 8. Bd3 O-O 9. Qe2 b6 10. O-O-O Bb7 11. h4 Qe7 12. Kb1 c5 13. Rhg1 Rac8 14. Bg5 cxd4 15. Nxd4 Rfd8 16. g4 Rd7 17. Nf3 Rcd8 18. h5 Bc7 19. Rde1 h6 20. Bc1 Nd5 21. Bb5 Nf4 22. Bxf4 Bxf4 23. Bxd7 Rxd7 24. Rd1 Rc7 25. Rge1 Rc5 26. Nd2 Re5 27. Qf1 Rd5 28. Nb3 Rxd1+ 29. Rxd1 Bf3 30. Rd3 Bxg4 31. Qg2 Qg5 32. a4 Bxh5 33. Qa8+ Kh7 34. Qxa7 Qg1+ 35. Ka2 Bg6 36. Rc3 Qxf2 37. a5 Be5 38. Qxb6 Qxb6 39. axb6 Bxc3 40. bxc3 Be4 41. Nc5 Bc6 42. b7 Bxb7 43. Nxb7 h5 44. c4 h4 45. c5 h3 46. c6 h2 47. c7 h1=Q 48. c8=Q g5 49. Qc7 Qf3 50. Nd6 Kg6 51. Qd8 Qd5+ 52. c4 Qd2+ 53. Kb3 Qd3+ 54. Kb4 Qd2+ 55. Kb5 Qb2+ 56. Kc6 g4 57. c5 g3 58. Ne4 g2 59. Qg5+ Kh7 60. Nf6+ Qxf6 61. Qxf6 g1=Q 62. Qxf7+ Kh8 63. Qxe6 Qg6 64. Kd6 Qd3+ 65. Kc7 Qh7+ 66. Kc8 Qc2 67. c6 Qa4 68. Qe5+ Kg8 69. c7 Qc6 70. Kd8 Qb6 71. Qd5+ Kh8 72. Kd7 Qa7 73. Qc4 Kg7 74. Qg4+ Kh8 75. Qh4+ Kg7 76. Qe7+ Kh8 77. Qf6+ Kh7 78. Kd8 Qa5 79. Qf7+ Kh8 80. Qf8+ Kh7 81. Qf6 Qd5+ 82. Ke8 Qg8+ 83. Ke7 Qg4 84. Qf7+ Kh8 85. Qe8+ Kh7 86. c8=Q 1-0

[Event "ROC Nova College 2019"]
[Site "Haarlem"]
[Date "2019.06.29"]
[Round "3.3"]
[White "Admiraal, Miguoel"]
[Black "Zwirs, Nico"]
[Result "1/2-1/2"]
[ECO "B52"]
[WhiteElo "2507"]
[BlackElo "2387"]
[Annotator "RC"]
[PlyCount "64"]
[EventDate "2019.06.28"]
[EventType "swiss"]
[EventCountry "NED"]
[SourceTitle "playchess.com"]
[Source "ChessBase"]
[SourceQuality "1"]
[TimeControl "5400+15"]

1. e4 c5 2. Nf3 d6 3. Bb5+ Bd7 4. Bxd7+ Qxd7 5. c4 e5 6. Nc3 Ne7 7. d3 g6 8. Bg5 Bg7 9. Bxe7 Qxe7 10. Nd5 Qd7 11. a3 O-O 12. b4 f5 13. bxc5 dxc5 14. O-O Nc6 15. Re1 Rae8 16. Rb1 Kh8 17. h3 b6 18. Nd2 Nd4 19. a4 Bh6 20. Nf3 Nxf3+ 21. Qxf3 Qxa4 22. Ra1 Qd7 23. Re2 Rb8 24. exf5 Rxf5 25. Qe4 Bg7 26. Rea2 Rb7 27. h4 Rf7 28. g3 Qf5 29. Kg2 Rbd7 30. Rb1 Bf8 31. Rba1 Bg7 32. Rb1 Bf8 1/2-1/2

[Event "ROC Nova College 2019"]
[Site "Haarlem"]
[Date "2019.06.29"]
[Round "3.4"]
[White "Van Oosterom, Chiel"]
[Black "Merbis, Max"]
[Result "1-0"]
[ECO "A14"]
[WhiteElo "2397"]
[BlackElo "2103"]
[Annotator "RC"]
[PlyCount "105"]
[EventDate "2019.06.28"]
[EventType "swiss"]
[EventCountry "NED"]
[SourceTitle "playchess.com"]
[Source "ChessBase"]
[SourceQuality "1"]
[TimeControl "5400+15"]

1. c4 e6 2. g3 d5 3. Bg2 Nf6 4. Nf3 Be7 5. O-O O-O 6. b3 b6 7. Bb2 Bb7 8. e3 c5 9. Nc3 Nc6 10. cxd5 Nxd5 11. Nxd5 exd5 12. d4 Re8 13. Qd2 Bf6 14. dxc5 Bxb2 15. Qxb2 bxc5 16. Rfd1 Qd6 17. Rac1 Rac8 18. Ng5 Nb4 19. a3 Na6 20. Qb1 g6 21. Bxd5 Bxd5 22. e4 h6 23. Rxd5 Qe7 24. Nf3 Qxe4 25. Qxe4 Rxe4 26. Rd7 Nb8 27. Rxa7 Nc6 28. Rd7 Rb8 29. Rxc5 Rxb3 30. Nd2 Re1+ 31. Kg2 Rb6 32. Nc4 Ra6 33. h4 Re6 34. h5 gxh5 35. Rxh5 Ra4 36. Rc5 Kg7 37. Rb7 Nd8 38. Rb8 Rc6 39. Rb4 Rca6 40. Rc8 Ne6 41. Rbb8 Kf6 42. Rb3 Kg7 43. Rb4 Ra7 44. Rbb8 Kf6 45. Ne3 Rd7 46. Rh8 Rxa3 47. Ng4+ Ke7 48. Rbe8+ Kd6 49. Nxh6 Ra2 50. Rh7 Ng5 51. Rg7 f6 52. Rg6 Re7 53. Nf5+ 1-0

[Event "ROC Nova College 2019"]
[Site "Haarlem"]
[Date "2019.06.30"]
[Round "5.1"]
[White "Van Oosterom, Chiel"]
[Black "Kevlishvili, Robby"]
[Result "1-0"]
[ECO "A28"]
[WhiteElo "2397"]
[BlackElo "2473"]
[Annotator "ChessBase"]
[PlyCount "91"]
[EventDate "2019.06.28"]
[EventType "swiss"]
[EventCountry "NED"]
[SourceTitle "playchess.com"]
[Source "ChessBase"]
[SourceQuality "1"]
[TimeControl "5400+15"]

1. c4 e5 2. Nc3 Nf6 3. Nf3 Nc6 4. e4 Bb4 5. d3 d6 6. a3 Bc5 7. b4 Bb6 8. Na4 Bd4 9. Nxd4 Nxd4 10. Be2 a5 11. b5 Nd7 12. Be3 Ne6 13. O-O Ndc5 14. Nc3 O-O 15. Re1 c6 16. Bf1 a4 17. Rb1 Qa5 18. Rb4 Bd7 19. Qc1 Nd4 20. Qb2 Ndb3 21. Rd1 Rfc8 22. d4 exd4 23. Bxd4 Nxd4 24. Rxd4 Qc7 25. Rd1 Re8 26. Qc2 Re6 27. Nxa4 Nxe4 28. c5 Nxc5 29. b6 Qc8 30. Nxc5 dxc5 31. Qxc5 Re8 32. a4 Be6 33. a5 Rd8 34. Rxd8+ Qxd8 35. a6 bxa6 36. b7 Rb8 37. Bxa6 Qc7 38. Rd4 h6 39. Rd6 Bd7 40. Qd4 Be6 41. Qc5 Bd7 42. Qd4 Be6 43. h4 Bd5 44. Qe5 f6 45. Qg3 Re8 46. Re6 1-0

[Event "ROC Nova College 2019"]
[Site "Haarlem"]
[Date "2019.06.30"]
[Round "5.3"]
[White "Admiraal, Miguoel"]
[Black "Jonkman, Harmen"]
[Result "1/2-1/2"]
[ECO "A10"]
[WhiteElo "2507"]
[BlackElo "2394"]
[Annotator "ChessBase"]
[PlyCount "53"]
[EventDate "2019.06.28"]
[EventType "swiss"]
[EventCountry "NED"]
[SourceTitle "playchess.com"]
[Source "ChessBase"]
[SourceQuality "1"]
[TimeControl "5400+15"]

1. c4 b6 2. Nc3 Bb7 3. e4 e5 4. f4 exf4 5. Nf3 g5 6. h4 g4 7. Ne5 h5 8. d4 Bg7 9. c5 Nc6 10. Bxf4 bxc5 11. Nxc6 dxc6 12. dxc5 Qe7 13. Bc4 Qxc5 14. Qe2 O-O-O 15. Rc1 Bh6 16. Rf1 Bxf4 17. Rxf4 Nh6 18. Nd1 Kb8 19. Nf2 g3 20. Nd3 Qg1+ 21. Rf1 Qd4 22. Rc3 Ng4 23. e5 f6 24. Rf4 Qg1+ 25. Rf1 Qd4 26. Rf4 Qg1+ 27. Rf1 1/2-1/2

[Event "ROC Nova College 2019"]
[Site "Haarlem"]
[Date "2019.06.30"]
[Round "5.4"]
[White "Boekelman, Jan"]
[Black "Arnaudov, G. Petar"]
[Result "0-1"]
[ECO "E06"]
[WhiteElo "2106"]
[BlackElo "2478"]
[Annotator "ChessBase"]
[PlyCount "50"]
[EventDate "2019.06.28"]
[EventType "swiss"]
[EventCountry "NED"]
[SourceTitle "playchess.com"]
[Source "ChessBase"]
[SourceQuality "1"]
[TimeControl "5400+15"]

1. d4 Nf6 2. c4 e6 3. Nf3 d5 4. g3 Be7 5. Bg2 O-O 6. O-O c6 7. Nbd2 b6 8. Qc2 c5 9. e4 Nc6 10. exd5 exd5 11. dxc5 bxc5 12. cxd5 Nb4 13. Qb3 Bf5 14. Nh4 Bc2 15. Qc3 Nfxd5 16. Bxd5 Qxd5 17. a3 Bf6 18. Qf3 Qxf3 19. Ndxf3 Nd3 20. Ne1 Nxe1 21. Rxe1 c4 22. Ng2 c3 23. b4 Ba4 24. Bf4 Rfe8 25. Ra2 c2 0-1

[Event "ROC Nova College 2019"]
[Site "Haarlem"]
[Date "2019.06.30"]
[Round "6.2"]
[White "Arnaudov, G. Petar"]
[Black "Zwirs, Nico"]
[Result "1/2-1/2"]
[ECO "E90"]
[WhiteElo "2478"]
[BlackElo "2387"]
[Annotator "ChessBase"]
[PlyCount "143"]
[EventDate "2019.06.28"]
[EventType "swiss"]
[EventCountry "NED"]
[SourceTitle "playchess.com"]
[Source "ChessBase"]
[SourceQuality "1"]
[TimeControl "5400+15"]

1. Nf3 Nf6 2. c4 g6 3. Nc3 Bg7 4. d4 d6 5. e4 O-O 6. h3 e5 7. d5 a5 8. g4 Na6 9. Be3 Nd7 10. a3 Nb6 11. Rg1 Bd7 12. h4 Nc5 13. Nd2 a4 14. Be2 Nc8 15. Qc2 Qe7 16. O-O-O Na7 17. h5 Rfb8 18. g5 Qe8 19. Rg3 Nb3+ 20. Nxb3 axb3 21. Qxb3 c5 22. Kb1 b5 23. cxb5 Nxb5 24. Nxb5 Bxb5 25. Bxb5 Rxb5 26. Qd3 Ra4 27. hxg6 hxg6 28. Bc1 Qb8 29. Qc2 Qa7 30. Ka2 Rbb4 31. Re1 Qa8 32. Ka1 Rb8 33. Rb3 Rab4 34. Ree3 Bf8 35. Kb1 R4b7 36. Rxb7 Qxb7 37. Ka2 Qa6 38. Qe2 Qa4 39. Rc3 Rb4 40. f3 Be7 41. Kb1 Rb8 42. Qc2 Qa6 43. Rc4 Qxa3 44. Rc3 Qa5 45. Qd3 Qd8 46. Qd2 Kg7 47. f4 exf4 48. Qxf4 Bf8 49. Rf3 Rb7 50. Bd2 Kg8 51. Bc3 Bg7 52. Bxg7 Kxg7 53. Rh3 Rb4 54. Qh4 Kf8 55. Qh8+ Ke7 56. Qf6+ Kd7 57. Qxf7+ Qe7 58. Qxg6 Qxe4+ 59. Qxe4 Rxe4 60. Rg3 Ke7 61. g6 Kf8 62. g7+ Kg8 63. Rg6 Rd4 64. Rxd6 Kxg7 65. Kc2 Kf7 66. Kc3 Ke7 67. Rc6 Rxd5 68. Kc4 Rd2 69. b3 Rc2+ 70. Kd3 Kd7 71. Rh6 Rc1 72. Rg6 1/2-1/2

[Event "ROC Nova College 2019"]
[Site "Haarlem"]
[Date "2019.06.30"]
[Round "6.3"]
[White "Sumets, Andrey"]
[Black "Perez Garcia, Hebert"]
[Result "1-0"]
[ECO "C04"]
[WhiteElo "2577"]
[BlackElo "2056"]
[Annotator "ChessBase"]
[PlyCount "92"]
[EventDate "2019.06.28"]
[EventType "swiss"]
[EventCountry "NED"]
[SourceTitle "playchess.com"]
[Source "ChessBase"]
[SourceQuality "1"]
[TimeControl "5400+15"]

1. d4 e6 2. e4 d5 3. Nd2 Nc6 4. Ngf3 Nf6 5. e5 Nd7 6. Bd3 Nb4 7. Be2 c5 8. c3 Nc6 9. O-O f6 10. exf6 Nxf6 11. Re1 Bd6 12. Bd3 O-O 13. dxc5 Bxc5 14. Nb3 Bd6 15. Nbd4 Nxd4 16. cxd4 Qb6 17. a4 Bd7 18. a5 Qc7 19. Ne5 a6 20. Bd2 Bb5 21. Rc1 Qd8 22. Bb1 Rc8 23. Rxc8 Qxc8 24. Qb3 Qe8 25. Qh3 Qc8 26. Rc1 Qe8 27. Bg5 Ne4 28. Be3 Rf5 29. g4 Rf6 30. f3 Bxe5 31. dxe5 Rg6 32. fxe4 Be2 33. g5 d4 34. Bd2 Qd8 35. Qg3 h6 36. h4 hxg5 37. hxg5 d3 38. Rc3 Qd4+ 39. Qf2 Qd8 40. Qe3 Qf8 41. Qf2 Qd8 42. Qf4 Kh7 43. Kg2 Qd7 44. Qg3 Qd8 45. Bxd3 Bxd3 46. Rxd3 Qc7 1-0

[Event "ROC Nova College 2019"]
[Site "Haarlem"]
[Date "2019.06.30"]
[Round "6.4"]
[White "Kevlishvili, Robby"]
[Black "Admiraal, Miguoel"]
[Result "1-0"]
[ECO "B13"]
[WhiteElo "2473"]
[BlackElo "2507"]
[Annotator "ChessBase"]
[PlyCount "144"]
[EventDate "2019.06.28"]
[EventType "swiss"]
[EventCountry "NED"]
[SourceTitle "playchess.com"]
[Source "ChessBase"]
[SourceQuality "1"]
[TimeControl "5400+15"]

1. e4 c6 2. d4 d5 3. exd5 cxd5 4. Bd3 Nf6 5. c3 Bg4 6. Qb3 Qc7 7. Ne2 Nc6 8. Bf4 Qd7 9. Ng3 Nh5 10. Be3 e6 11. f3 Nxg3 12. hxg3 Bf5 13. Bxf5 exf5 14. Nd2 O-O-O 15. O-O-O h5 16. Kb1 Na5 17. Qc2 Bd6 18. Bf4 Bxf4 19. gxf4 Kb8 20. Rde1 g6 21. Re5 Nc6 22. Re3 Qc7 23. Rhe1 Qxf4 24. Nb3 Qd6 25. Nc5 b6 26. Nd3 Rc8 27. Qa4 Rhd8 28. Qb5 Ka8 29. Ne5 Nxe5 30. Rxe5 Kb7 31. a4 Qc6 32. Re7+ Rc7 33. Rxc7+ Qxc7 34. a5 Qd7 35. a6+ Kc7 36. Qe2 Qd6 37. Qd2 Kd7 38. Qd3 Qc6 39. Qe2 Qd6 40. Qb5+ Kc7 41. Re5 Qc6 42. Qe2 b5 43. Re7+ Rd7 44. Re8 Qxa6 45. Ra8 Qc6 46. Qe8 Kb6 47. Rc8 Rc7 48. Qd8 Qd7 49. Rb8+ Kc6 50. Qh8 Rb7 51. Re8 b4 52. cxb4 Qd6 53. Rc8+ Rc7 54. Rd8 Qe7 55. b5+ Kb6 56. Re8 Qd6 57. Re3 Kb7 58. Re8 Kb6 59. Ra8 Kxb5 60. Rb8+ Kc4 61. Qe8 Kxd4 62. Rb3 Qe7 63. Qa4+ Rc4 64. Qa5 Qc7 65. Qe1 Kc5 66. Qe8 Kd6 67. Qf8+ Kc6 68. Rb8 Qd7 69. Qa3 Qc7 70. Qa6+ Qb6 71. Rxb6+ axb6 72. Qa7 g5 1-0